[Event "November 21 Early 2023"]
[Site "https://www.chess.com"]
[Date "2023.11.21"]
[Round "4"]
[White "Makarian, Rudik"]
[Black "Papasimakopoulos, Alexandros"]
[Result "1-0"]
[Board "47"]
[TimeControl "180+1"]
[WhiteFideId "44105681"]
[BlackFideId "4244125"]
[WhiteElo "2539"]
[BlackElo "2346"]
[WhiteTeam "FID"]
[BlackTeam "GRE"]
[WhiteClock "0:00:01"]
[BlackClock "0:00:00"]

1. e4 e6 2. d3 d5 3. Nd2 c5 4. Ngf3 Nc6 5. g3 Nge7 6. Bg2 g6 7. O-O Bg7 8. c3 h6 9. Re1 O-O 10. Qe2 Kh7 11. e5 b5 12. h4 b4 13. Nb3 bxc3 14. bxc3 c4 15. Nbd4 Ba6 16. dxc4 Bxc4 17. Qc2 Nxd4 18. Nxd4 h5 19. Ba3 Qd7 20. Rab1 Rfc8 21. Qd1 Nc6 22. Bd6 Nxd4 23. cxd4 Bxa2 24. Rb2 Bc4 25. g4 hxg4 26. Qxg4 Bf8 27. h5 gxh5 28. Qxh5+ Bh6 29. Reb1 Ba6 30. Ra1 Rc6 31. Rb3 Rg8 32. Rf3 Rg6 33. Rg3 Rxg3 34. fxg3 Kg7 35. Qg4+ Kh7 36. Qh4 Kg7 37. Bf1 Bxf1 38. Rxf1 Rxd6 39. Qf6+ Kg8 40. Qxh6 Rb6 41. Rf4 f5 42. exf6 e5 43. Qg5+ Kf8 44. Qxe5 Qe8 45. Qxd5 1-0

[Event "November 21 Early 2023"]
[Site "https://www.chess.com"]
[Date "2023.11.21"]
[Round "4"]
[White "Chigaev, Maksim"]
[Black "Vlassov, Nikolai"]
[Result "1-0"]
[Board "48"]
[TimeControl "180+1"]
[WhiteFideId "4108116"]
[BlackFideId "4103360"]
[WhiteElo "2561"]
[BlackElo "2324"]
[WhiteTeam "ESP"]
[BlackTeam "FID"]
[WhiteClock "0:00:18"]
[BlackClock "0:00:04"]

1. g3 h5 2. h4 Nf6 3. Bg2 e5 4. c4 Bc5 5. e3 d5 6. cxd5 O-O 7. Nc3 c6 8. Nge2 cxd5 9. d4 exd4 10. exd4 Be7 11. O-O Nc6 12. Bg5 Ne4 13. Bxe7 Nxc3 14. Bxd8 Nxd1 15. Rfxd1 Rxd8 16. Nf4 Ne7 17. Re1 Kf8 18. Nxh5 Nc6 19. Nf4 Nxd4 20. Rad1 Nc2 21. Re2 Bg4 22. f3 Bf5 23. g4 Bh7 24. Rxd5 Nb4 25. Rh5 Kg8 26. a3 Nc6 27. Rd5 Kf8 28. Red2 Rxd5 29. Rxd5 Ke7 30. h5 Rd8 31. Rxd8 Nxd8 32. Ne2 Nc6 33. f4 Kd6 34. Kf2 Na5 35. Nc3 Nc4 36. Bd5 Nxb2 37. Bxf7 Kc5 38. f5 b5 39. Ne4+ Kd4 40. Ng5 Nd3+ 41. Kg3 Ne5 42. Be6 Nc4 43. Nxh7 Nxa3 44. g5 Ke5 45. h6 gxh6 46. g6 1-0

[Event "November 21 Early 2023"]
[Site "https://www.chess.com"]
[Date "2023.11.21"]
[Round "4"]
[White "Hilary46"]
[Black "Zhigalko, Sergei"]
[Result "1-0"]
[Board "49"]
[TimeControl "180+1"]
[BlackFideId "13502956"]
[WhiteElo "2601"]
[BlackElo "2616"]
[BlackTeam "BLR"]
[WhiteClock "0:00:07"]
[BlackClock "0:00:00"]

1. e4 c5 2. Nf3 Nc6 3. d4 cxd4 4. Nxd4 Nf6 5. Nc3 e5 6. Ndb5 d6 7. Bg5 a6 8. Na3 b5 9. Bxf6 gxf6 10. Nd5 Bg7 11. Bd3 Ne7 12. Nxe7 Qxe7 13. c3 O-O 14. Nc2 f5 15. Ne3 f4 16. Nd5 Qg5 17. g3 Be6 18. gxf4 exf4 19. Qf3 Be5 20. O-O-O Kh8 21. h4 Qh6 22. Kb1 Rg8 23. Be2 a5 24. Qd3 b4 25. c4 Rab8 26. Ne7 Rg2 27. Nc6 Rbg8 28. Nxe5 dxe5 29. Rdf1 Qf6 30. Bf3 Rd8 31. Qe2 Rgg8 32. Rd1 Rxd1+ 33. Rxd1 Qxh4 34. c5 Rc8 35. Rc1 Rc6 36. Qb5 Qf6 37. Qxa5 b3 38. axb3 Qe7 39. b4 Rc8 40. Be2 Qb7 41. f3 Ra8 42. Qb6 Ba2+ 43. Kc2 Qd7 44. c6 Qe6 45. Kd2 Qd6+ 46. Bd3 Rg8 47. Re1 Rg2+ 48. Re2 Rg8 49. Qc5 Qc7 50. b5 Rd8 51. b6 Qc8 52. c7 Rd7 53. b7 Rxd3+ 54. Kxd3 Qd7+ 55. Kc2 Qa4+ 56. Kc1 Bc4 57. c8=Q+ Kg7 58. Qxc4 Qa1+ 59. Kc2 1-0

[Event "November 21 Early 2023"]
[Site "https://www.chess.com"]
[Date "2023.11.21"]
[Round "4"]
[White "Vestby-Ellingsen, Mads"]
[Black "Ter-Sahakyan, Samvel"]
[Result "0-1"]
[Board "50"]
[TimeControl "180+1"]
[WhiteFideId "1520857"]
[BlackFideId "13302531"]
[WhiteElo "2241"]
[BlackElo "2556"]
[WhiteTeam "NOR"]
[BlackTeam "ARM"]
[WhiteClock "0:00:00"]
[BlackClock "0:00:10"]

1. e4 c5 2. Nc3 e6 3. d4 cxd4 4. Qxd4 Nc6 5. Qd2 Bb4 6. a3 Ba5 7. b4 Bb6 8. Bb2 Nf6 9. Bd3 d5 10. Nf3 O-O 11. O-O h6 12. Rfd1 Ng4 13. Rf1 Nce5 14. Nxe5 Nxe5 15. exd5 Qh4 16. Be2 Rd8 17. Rad1 Bc7 18. g3 Qh3 19. Ne4 exd5 20. Qc3 Bg4 21. Bxg4 Qxg4 22. f3 Nxf3+ 23. Rxf3 dxe4 24. Rxd8+ Bxd8 25. Rf4 Qg6 26. Qe3 Bg5 27. Qxe4 Bxf4 28. Qxf4 Re8 29. Qd2 Qe4 30. Bd4 Qd5 31. c3 f6 32. h4 Qf3 33. Qf2 Qxf2+ 34. Kxf2 a6 35. Kf3 h5 36. a4 Kf7 37. b5 g5 38. c4 Rd8 39. Be3 Rd3 0-1

[Event "November 21 Early 2023"]
[Site "https://www.chess.com"]
[Date "2023.11.21"]
[Round "4"]
[White "Puranik, Abhimanyu"]
[Black "Streltsov, Alexey"]
[Result "1-0"]
[Board "51"]
[TimeControl "180+1"]
[WhiteFideId "5061245"]
[BlackFideId "24104434"]
[WhiteElo "2493"]
[BlackElo "2311"]
[WhiteTeam "IND"]
[BlackTeam "ISR"]
[WhiteClock "0:00:49"]
[BlackClock "0:00:14"]

1. Nf3 d5 2. g3 Nc6 3. Bg2 e5 4. d3 Bf5 5. O-O Qd7 6. Nc3 d4 7. Nb1 Bh3 8. e3 Bxg2 9. Kxg2 O-O-O 10. exd4 exd4 11. Re1 f6 12. Qe2 Nge7 13. Nbd2 Nf5 14. a3 Bd6 15. b4 h5 16. Bb2 h4 17. Qe6 Ne3+ 18. Rxe3 dxe3 19. Qxd7+ Kxd7 20. fxe3 hxg3 21. hxg3 Ne5 22. e4 Ng4 23. Nc4 b5 24. Nxd6 cxd6 25. Bd4 Ra8 26. a4 Rhb8 27. c3 a5 28. axb5 Rxb5 29. Bg1 Rbb8 30. bxa5 Rb2+ 31. Kh3 f5 32. exf5 Nf2+ 33. Bxf2 Rxf2 34. Kg4 Rc2 35. Ra3 Kc6 36. Nd4+ 1-0

[Event "November 21 Early 2023"]
[Site "https://www.chess.com"]
[Date "2023.11.21"]
[Round "4"]
[White "Baskakov, Egor"]
[Black "Zubarev, Alexander"]
[Result "1-0"]
[Board "52"]
[TimeControl "180+1"]
[WhiteFideId "24197866"]
[BlackFideId "14104385"]
[WhiteElo "2225"]
[BlackElo "2363"]
[WhiteTeam "RUS"]
[BlackTeam "UKR"]
[WhiteClock "0:00:34"]
[BlackClock "0:00:15"]

1. e4 c5 2. Nf3 e6 3. Be2 Nc6 4. c4 Nf6 5. Nc3 a6 6. O-O Nd4 7. e5 Ng8 8. Nxd4 cxd4 9. Ne4 Qc7 10. f4 f5 11. exf6 Nxf6 12. Nxf6+ gxf6 13. Bh5+ Kd8 14. d3 f5 15. Bd2 b6 16. b4 Bb7 17. Bf3 Rg8 18. Rc1 a5 19. bxa5 bxa5 20. c5 Bc6 21. g3 Be7 22. Qe2 a4 23. Rb1 Rc8 24. Rfc1 Qa7 25. Bb4 Qa8 26. Bxc6 Qxc6 27. Qh5 Ra8 28. Qxh7 Re8 29. Qg7 Qd5 30. a3 Rc8 31. Ba5+ Rc7 32. Rb8# 1-0

[Event "November 21 Early 2023"]
[Site "https://www.chess.com"]
[Date "2023.11.21"]
[Round "4"]
[White "WindWhistler11"]
[Black "Kamsky, Gata"]
[Result "0-1"]
[Board "53"]
[TimeControl "180+1"]
[BlackFideId "2000024"]
[WhiteElo "2589"]
[BlackElo "2660"]
[BlackTeam "USA"]
[WhiteClock "0:00:00"]
[BlackClock "0:01:18"]

1. Nf3 Nf6 2. g3 d5 3. Bg2 c6 4. d3 Bf5 5. Nh4 Bg6 6. Nxg6 hxg6 7. e3 e5 8. Qe2 Nbd7 9. b3 Bd6 10. Bb2 Qe7 11. a3 Nc5 12. Nd2 Ne6 13. h3 Nc5 14. O-O O-O 15. Rae1 Rfe8 16. e4 dxe4 17. dxe4 b5 18. f4 Nh5 19. Qf3 Nd7 20. f5 Nhf6 21. g4 g5 22. b4 a5 23. c3 c5 24. Bc1 axb4 25. cxb4 cxb4 26. axb4 Bxb4 27. Kh1 Ba3 28. Re3 Bxc1 29. Rxc1 Rec8 30. Rb1 b4 31. h4 Nh7 32. Qf2 gxh4 33. Nf3 Ra3 34. Nxh4 Rxe3 35. f6 Qxf6 36. Nf5 Rec3 37. Qb2 g6 38. Qxb4 gxf5 0-1

[Event "November 21 Early 2023"]
[Site "https://www.chess.com"]
[Date "2023.11.21"]
[Round "4"]
[White "gueraumasague"]
[Black "Sychev, Klementy"]
[Result "0-1"]
[Board "54"]
[TimeControl "180+1"]
[BlackFideId "4114060"]
[WhiteElo "2589"]
[BlackElo "2583"]
[BlackTeam "FID"]
[WhiteClock "0:01:24"]
[BlackClock "0:02:05"]

1. e4 e5 2. Nc3 Nf6 3. f4 d5 4. fxe5 Nxe4 5. Qf3 Be6 6. Nxe4 dxe4 7. Qxe4 Bd5 8. Qf4 Nc6 9. Bb5 Bxg2 10. e6 Qe7 11. Nf3 Bxh1 12. d4 Qxe6+ 13. Kf2 Bd6 14. Qg5 Bxf3 15. Kxf3 O-O 16. c3 Rae8 17. Bd2 Qh3+ 18. Kf2 Qxh2+ 19. Qg2 Qh4+ 20. Kg1 Re6 0-1

[Event "November 21 Early 2023"]
[Site "https://www.chess.com"]
[Date "2023.11.21"]
[Round "4"]
[White "Zakhartsov, Vladimir"]
[Black "Kim, Sergey"]
[Result "1-0"]
[Board "55"]
[TimeControl "180+1"]
[WhiteFideId "4145097"]
[BlackFideId "13700570"]
[WhiteElo "2448"]
[BlackElo "2587"]
[WhiteTeam "RUS"]
[BlackTeam "KAZ"]
[WhiteClock "0:00:31"]
[BlackClock "0:00:28"]

1. e4 e5 2. Nf3 Nc6 3. Nc3 Nf6 4. a3 g6 5. Bc4 Bg7 6. d3 O-O 7. O-O d6 8. h3 Ne7 9. Be3 c6 10. Ba2 Nh5 11. d4 Qc7 12. Re1 a5 13. Qd2 a4 14. Rad1 Nf6 15. dxe5 dxe5 16. Bc5 h6 17. Bd6 Qd8 18. Nxe5 g5 19. Bxe7 Qxe7 20. Ng6 Qc7 21. Nxf8 Bxf8 22. e5 Nh5 23. Qd8 Qxd8 24. Rxd8 Kg7 25. e6 Be7 26. Re8 Bf6 27. exf7 1-0

[Event "November 21 Early 2023"]
[Site "https://www.chess.com"]
[Date "2023.11.21"]
[Round "4"]
[White "Galaktionov, Artem"]
[Black "Bettalli, Francesco"]
[Result "1/2-1/2"]
[Board "56"]
[TimeControl "180+1"]
[WhiteFideId "24175471"]
[BlackFideId "2816453"]
[WhiteElo "2367"]
[BlackElo "2226"]
[WhiteTeam "RUS"]
[BlackTeam "ITA"]
[WhiteClock "0:00:14"]
[BlackClock "0:00:08"]

1. d4 Nf6 2. Nf3 c5 3. d5 b5 4. Bg5 Ne4 5. Bf4 d6 6. a4 b4 7. Nbd2 Nf6 8. e4 e5 9. dxe6 Bxe6 10. Bb5+ Nbd7 11. Nc4 Bxc4 12. Bxc4 Qc7 13. Ng5 O-O-O 14. Nxf7 Re8 15. O-O Rxe4 16. Ba6+ Kb8 17. Bg3 Rd4 18. Qf3 Rg8 19. c3 Rd2 20. Rad1 Rxd1 21. Rxd1 Ne8 22. cxb4 Be7 23. bxc5 Nxc5 24. Bb5 Nb7 25. h3 Rf8 26. Qg4 Nf6 27. Qxg7 Nh5 28. Qxh7 Nxg3 29. fxg3 Bf6 30. h4 Qxf7 31. Qe4 Be5 32. Rf1 Qe7 33. Rxf8+ Qxf8 34. Kh2 Nc5 35. Qg6 Qe7 36. Kh3 Ne6 37. Kg4 Nd4 38. Bd3 Qd7+ 39. Bf5 Qxa4 40. Be4 Qd7+ 41. Kh5 Ne6 42. Qg8+ Kc7 43. Kg6 Qe7 44. Qf7 Kd8 45. Qxe7+ Kxe7 46. g4 Nf4+ 47. Kf5 Ne2 48. Bd5 Ng3+ 49. Kg6 Bd4 50. g5 Be3 51. h5 Ne2 52. Bf3 Nf4+ 53. Kg7 Ne6+ 54. Kg6 Nxg5 55. b3 Nf7 56. Kg7 Nh6 57. Kg6 Ke6 58. g4 Ke5 59. g5 Nf5 60. h6 Nh4+ 61. Kf7 Kf4 62. h7 Bd4 63. g6 Nxg6 64. Bb7 Ne5+ 65. Ke6 Nd3 66. Kxd6 Ke3 67. Bd5 Nc1 68. Kc6 Kd2 69. Kb7 Kc3 70. h8=Q Bxh8 71. Kxa7 Bd4+ 72. Ka6 Bc5 73. Bc4 Bb4 74. Kb5 Na2 75. Kc6 Nc1 76. Kd5 Na2 77. Kc6 Kb2 78. Kb5 Ka3 79. Kc6 Nc3 80. Kb6 Nd1 81. Kc6 Nb2 82. Kb6 Ka2 83. Kc6 Ka3 84. Kb6 Nd1 85. Kc6 Nc3 86. Kb6 Ne4 87. Kc6 Nc5 88. Kb5 Nxb3 89. Bxb3 1/2-1/2

[Event "November 21 Early 2023"]
[Site "https://www.chess.com"]
[Date "2023.11.21"]
[Round "4"]
[White "Beerdsen, Thomas"]
[Black "Predator0608"]
[Result "0-1"]
[Board "57"]
[TimeControl "180+1"]
[WhiteFideId "1030108"]
[WhiteElo "2550"]
[BlackElo "2584"]
[WhiteTeam "NED"]
[WhiteClock "0:02:43"]
[BlackClock "0:01:14"]

1. e4 e5 2. d4 exd4 3. Qxd4 Nc6 4. Qd3 Bc5 5. Nc3 d6 6. Nf3 Nge7 7. Bg5 h6 8. Bh4 Be6 9. a3 Qd7 10. O-O-O Ng6 11. Bg3 a6 12. Be2 b5 13. Nd5 b4 14. a4 Na5 15. b3 O-O 16. h4 Ne7 17. Kb1 Nxd5 18. exd5 Bf5 19. Qd2 Nxb3 20. Qf4 Qxa4 21. Kb2 Qa3+ 22. Kb1 Qa1# 0-1

[Event "November 21 Early 2023"]
[Site "https://www.chess.com"]
[Date "2023.11.21"]
[Round "4"]
[White "Yeletsky, Ivan"]
[Black "ChainedDowntohell"]
[Result "1-0"]
[Board "58"]
[TimeControl "180+1"]
[WhiteFideId "24180327"]
[WhiteElo "2358"]
[BlackElo "2582"]
[WhiteTeam "RUS"]
[WhiteClock "0:01:07"]
[BlackClock "0:00:00"]

1. d4 Nf6 2. c4 e6 3. Nf3 d5 4. e3 a6 5. b3 c5 6. Bb2 Nc6 7. cxd5 exd5 8. Nc3 cxd4 9. Nxd4 Bd6 10. g3 Bg4 11. Be2 Bh3 12. Nf3 O-O 13. Ng5 Bg2 14. Rg1 h6 15. Nxf7 Rxf7 16. Rxg2 d4 17. exd4 Bb4 18. Bc4 Qd7 19. Kf1 Bxc3 20. Bxf7+ Qxf7 21. Bxc3 Ne4 22. Rc1 Rd8 23. h4 Qf5 24. Kg1 Rd7 25. Qc2 Qf3 26. Bb2 Rf7 27. Re1 Nxf2 28. Qxf2 Qd5 29. Re8+ Kh7 30. Qc2+ g6 31. Qe4 Qh5 32. d5 Qd1+ 33. Kh2 1-0

[Event "November 21 Early 2023"]
[Site "https://www.chess.com"]
[Date "2023.11.21"]
[Round "4"]
[White "Santos Flores, Alberto"]
[Black "Rakhmanov, Aleksandr"]
[Result "0-1"]
[Board "59"]
[TimeControl "180+1"]
[WhiteFideId "3601234"]
[BlackFideId "4173708"]
[WhiteElo "2235"]
[BlackElo "2521"]
[WhiteTeam "ECU"]
[BlackTeam "FID"]
[WhiteClock "0:00:00"]
[BlackClock "0:00:05"]

1. e4 c5 2. Nf3 Nf6 3. Nc3 d5 4. exd5 Nxd5 5. Bb5+ Bd7 6. Bxd7+ Qxd7 7. Nxd5 Qxd5 8. O-O Nc6 9. Re1 g6 10. d3 Bg7 11. Bg5 Bxb2 12. Rb1 Bc3 13. Re4 b6 14. Qe2 e6 15. a4 Bg7 16. h4 O-O 17. h5 Nd4 18. Nxd4 Qxg5 19. Nb5 Qxh5 20. Qxh5 gxh5 21. Rh4 a6 22. Na3 Rab8 23. Rxh5 Rfd8 24. Kf1 h6 25. Ke2 f5 26. Kd2 Rd4 27. Nc4 b5 28. axb5 axb5 29. c3 Rdd8 30. Ne3 b4 31. cxb4 cxb4 32. g4 Bc3+ 33. Ke2 f4 34. Nc4 f3+ 35. Ke3 Kg7 36. Ne5 Rd5 37. Nxf3 Rxh5 38. gxh5 Kf6 39. Ke4 Rb5 40. Rg1 Rxh5 41. d4 Rb5 42. Rb1 b3 43. Kd3 Ba5 44. Kc4 Rb4+ 45. Kd3 Rb7 46. Ne5 Bc7 47. Nc4 h5 48. Nd2 b2 49. Nc4 h4 50. Ke2 h3 51. Kf1 Rb4 0-1

[Event "November 21 Early 2023"]
[Site "https://www.chess.com"]
[Date "2023.11.21"]
[Round "4"]
[White "Demin, Vladimir"]
[Black "Dragun, Kamil"]
[Result "0-1"]
[Board "60"]
[TimeControl "180+1"]
[WhiteFideId "4167457"]
[BlackFideId "1134167"]
[WhiteElo "2577"]
[BlackElo "2551"]
[WhiteTeam "RUS"]
[BlackTeam "POL"]
[WhiteClock "0:00:00"]
[BlackClock "0:00:31"]

1. d4 Nf6 2. Nc3 d5 3. Bf4 c5 4. e4 cxd4 5. Qxd4 Nc6 6. Qa4 dxe4 7. Nb5 e5 8. Bxe5 Bc5 9. Nc7+ Kf8 10. Bg3 Bxf2+ 11. Kxf2 e3+ 12. Kxe3 Qe7+ 13. Kd2 Ne4+ 14. Kd1 Bg4+ 15. Nf3 Rd8+ 16. Bd3 Bxf3+ 17. gxf3 Nxg3 18. hxg3 Qxc7 19. Qf4 Qxf4 20. gxf4 Nb4 21. Ke2 Nxd3 22. cxd3 Ke7 23. Rac1 Rd7 24. Rc4 Kf6 25. a4 h5 26. b3 g6 27. a5 Re8+ 28. Re4 Red8 29. Rd1 Rd5 30. b4 Rc8 31. Kd2 Rc6 32. Rb1 b6 33. axb6 Rxb6 34. Ra1 a6 35. Rc1 Rdb5 36. Rcc4 h4 37. Ke3 Rd6 38. Rc2 Re6 39. Rh2 Rh5 40. Rh3 Ke7 41. d4 Kd6 42. Re5 f6 43. Re4 Kd5 44. Kd3 g5 45. f5 Rb6 46. Kc3 Rh7 0-1

[Event "November 21 Early 2023"]
[Site "https://www.chess.com"]
[Date "2023.11.21"]
[Round "4"]
[White "Visakh N R"]
[Black "Aggelis, Nikolaos"]
[Result "1-0"]
[Board "61"]
[TimeControl "180+1"]
[WhiteFideId "25012223"]
[BlackFideId "4213220"]
[WhiteElo "2474"]
[BlackElo "2187"]
[WhiteTeam "IND"]
[BlackTeam "GRE"]
[WhiteClock "0:00:58"]
[BlackClock "0:00:54"]

1. e4 c6 2. d4 d5 3. Nc3 dxe4 4. Nxe4 Nf6 5. Ng3 h5 6. Nf3 h4 7. Ne2 Bg4 8. Nf4 e6 9. h3 Bf5 10. Bd3 Bxd3 11. Nxd3 Bd6 12. O-O Nbd7 13. Bg5 Qb6 14. c4 Qc7 15. c5 Be7 16. Bxh4 O-O-O 17. Bg3 Qa5 18. b4 Qa3 19. Qb3 Qxb3 20. axb3 a6 21. Rfc1 Nb8 22. Nde5 Rhf8 23. b5 cxb5 24. c6 Nd5 25. c7 Nxc7 26. Ng6 Nc6 27. Nxe7+ Kd7 28. Nxc6 bxc6 29. Ne5+ 1-0

[Event "November 21 Early 2023"]
[Site "https://www.chess.com"]
[Date "2023.11.21"]
[Round "4"]
[White "Sonis, Francesco"]
[Black "Thorfinnsson, Bjorn"]
[Result "0-1"]
[Board "62"]
[TimeControl "180+1"]
[WhiteFideId "895733"]
[BlackFideId "2300982"]
[WhiteElo "2435"]
[BlackElo "2381"]
[WhiteTeam "ITA"]
[BlackTeam "ISL"]
[WhiteClock "0:00:25"]
[BlackClock "0:00:26"]

1. e4 e5 2. Nf3 Nc6 3. Bc4 Nf6 4. d3 Bc5 5. c3 d6 6. O-O a5 7. h3 Ba7 8. Re1 h6 9. Nbd2 g5 10. Nh2 g4 11. hxg4 Rg8 12. Ndf1 Bxg4 13. Nxg4 Nxg4 14. Be3 Bxe3 15. Nxe3 Qh4 16. Nxg4 Rxg4 17. Qf3 Rf4 18. Qg3 Qxg3 19. fxg3 Rg4 20. Rf1 Rg7 21. Rf6 Ke7 22. Raf1 Rf8 23. R1f3 Rh7 24. Kh2 Nd8 25. Kh3 Rg8 26. a4 Rg5 27. Bd5 Rg6 28. R6f5 Rhg7 29. b4 c6 30. Bc4 Ne6 31. Bxe6 fxe6 32. Rh5 Rg8 33. d4 axb4 34. cxb4 exd4 35. Ra5 e5 36. Ra7 Rb8 37. a5 Rg7 38. Kh4 Ke6 39. Kh5 c5 40. b5 c4 41. a6 c3 42. Kxh6 Rg4 43. Rxb7 Rxb7 44. axb7 Rg8 45. g4 c2 46. Rf1 d3 47. g5 d2 48. Rf6+ Ke7 49. Rg6 Rh8+ 50. Kg7 Rb8 0-1

[Event "November 21 Early 2023"]
[Site "https://www.chess.com"]
[Date "2023.11.21"]
[Round "4"]
[White "Statham_l3"]
[Black "Urazayev, Arystanbek"]
[Result "0-1"]
[Board "63"]
[TimeControl "180+1"]
[BlackFideId "13709810"]
[WhiteElo "2564"]
[BlackElo "2405"]
[BlackTeam "KAZ"]
[WhiteClock "0:00:00"]
[BlackClock "0:02:19"]

1. e4 c5 2. Nf3 e6 3. d4 cxd4 4. Nxd4 Nf6 5. Nc3 Nc6 6. Nxc6 bxc6 7. e5 Nd5 8. Ne4 Bb7 9. a3 Qc7 10. f4 c5 11. c4 Nxf4 12. Bxf4 Bxe4 13. Bd3 Bxg2 14. Rg1 Bc6 15. Qe2 g6 16. O-O-O Bg7 17. h4 Qb7 18. Qf2 Rb8 19. Rd2 d6 20. h5 dxe5 21. h6 Bf6 22. Be3 Be7 23. Rf1 f5 24. Bxc5 e4 25. Bxe7 Qxe7 26. Bc2 O-O 27. Qd4 e5 28. Qc5 Qxc5 0-1

[Event "November 21 Early 2023"]
[Site "https://www.chess.com"]
[Date "2023.11.21"]
[Round "4"]
[White "Maksimovic, Bojan"]
[Black "Derjabin, Ilja"]
[Result "1-0"]
[Board "64"]
[TimeControl "180+1"]
[WhiteFideId "14408120"]
[BlackFideId "14104768"]
[WhiteElo "2546"]
[BlackElo "2309"]
[WhiteTeam "BIH"]
[BlackTeam "UKR"]
[WhiteClock "0:00:10"]
[BlackClock "0:00:00"]

1. a3 g6 2. e4 Bg7 3. d4 d5 4. e5 Nc6 5. h3 f6 6. f4 fxe5 7. dxe5 Nh6 8. Nc3 d4 9. Ne4 O-O 10. Nf3 Be6 11. Bd3 Nf5 12. O-O Bd5 13. Qe1 e6 14. g4 Ne3 15. Bxe3 dxe3 16. Qxe3 Qe7 17. c4 Bxe4 18. Bxe4 Bh6 19. g5 Bg7 20. Rad1 Rad8 21. Kg2 Na5 22. Rxd8 Rxd8 23. Rc1 c5 24. Kg3 b6 25. Qc3 Bf8 26. Rb1 Qd7 27. b4 Nc6 28. b5 Nd4 29. Qe3 Qf7 30. Rc1 Be7 31. h4 Rf8 32. a4 Qxf4+ 33. Qxf4 Ne2+ 34. Kf2 Nxf4 35. Rd1 Rd8 36. Rxd8+ Bxd8 37. Ke3 Ng2+ 38. Kf2 Nf4 39. Bc2 Kf7 40. Ke3 Ng2+ 41. Ke4 h6 42. Bd3 hxg5 43. hxg5 Be7 44. Bf1 Ne1 45. Nxe1 Bxg5 46. Kf3 Bd2 47. Nd3 g5 48. Kg4 Kg6 49. Bg2 Bf4 50. Be4+ Kh6 51. Nxf4 gxf4 52. Kxf4 1-0

[Event "November 21 Early 2023"]
[Site "https://www.chess.com"]
[Date "2023.11.21"]
[Round "4"]
[White "Grunberg, Mihai-Lucian"]
[Black "Petkov, Momchil"]
[Result "1-0"]
[Board "65"]
[TimeControl "180+1"]
[WhiteFideId "1204149"]
[BlackFideId "2921642"]
[WhiteElo "2363"]
[BlackElo "2383"]
[WhiteTeam "ROU"]
[BlackTeam "BUL"]
[WhiteClock "0:00:11"]
[BlackClock "0:00:00"]

1. Nf3 d5 2. c4 e6 3. d4 Nf6 4. e3 Nbd7 5. Nbd2 b6 6. Bd3 Bb7 7. O-O Bd6 8. b3 O-O 9. Bb2 Ne4 10. Ne5 Bxe5 11. dxe5 Ndc5 12. Nxe4 dxe4 13. Bc2 Nd3 14. Bc3 Qg5 15. Bxd3 exd3 16. g3 Rad8 17. h4 Qf5 18. f3 Qh3 19. Qe1 Rd7 20. Rd1 Qf5 21. e4 Qh5 22. Qe3 Rfd8 23. Rd2 Qg6 24. Kg2 f5 25. exf6 gxf6 26. Rfd1 f5 27. exf5 Qxf5 28. Qg5+ Qxg5 29. hxg5 Rf7 30. Bf6 Rdf8 31. Kf2 h6 32. Rh1 Rh7 33. Rxd3 hxg5 34. Rxh7 Kxh7 35. Bxg5 Kg6 36. Bf4 Rf7 37. Ke3 c5 38. Rd6 Kf6 39. g4 Ke7 40. Rd2 Rh7 41. Bg5+ Kf7 42. Rd7+ Kg6 43. Rxh7 Kxh7 44. f4 Kg6 45. Be7 Kf7 46. Bd6 a6 47. Bc7 b5 48. Bb6 bxc4 49. bxc4 Bg2 50. Bxc5 Ke8 51. Kd4 Bf1 52. Bb4 Kd7 53. g5 Bh3 54. Ke5 Bf5 55. Kf6 Ke8 56. g6 Bd3 57. g7 Bh7 58. c5 Bg8 59. c6 Kd8 60. Bd6 Ke8 61. a4 Kd8 62. a5 Ke8 63. Bc7 Bh7 64. Ke5 Ke7 65. Bd6+ Ke8 66. Bf8 Bg8 67. Kd6 Kd8 68. c7+ Kc8 69. Be7 Bf7 70. Bf6 Bg8 71. Be5 Kb7 72. Ke7 Bh7 73. Kf8 Ka7 74. c8=Q 1-0

[Event "November 21 Early 2023"]
[Site "https://www.chess.com"]
[Date "2023.11.21"]
[Round "4"]
[White "luckyswitchback"]
[Black "Badelka, Olga"]
[Result "1-0"]
[Board "66"]
[TimeControl "180+1"]
[BlackFideId "13509926"]
[WhiteElo "2808"]
[BlackElo "2262"]
[BlackTeam "FID"]
[WhiteClock "0:00:59"]
[BlackClock "0:00:00"]

1. e4 e5 2. Nf3 Nc6 3. Bb5 Nf6 4. O-O Nxe4 5. Re1 Nd6 6. Nxe5 Nxe5 7. Rxe5+ Be7 8. Bf1 O-O 9. Nc3 Bf6 10. Re1 Re8 11. Nd5 Rxe1 12. Qxe1 b6 13. d3 Bb7 14. Nxf6+ Qxf6 15. Qb4 a5 16. Qf4 Qxf4 17. Bxf4 Re8 18. f3 f6 19. Kf2 Kf7 20. d4 g5 21. Bxd6 cxd6 22. Bd3 h5 23. h4 g4 24. Bf5 Bc6 25. c4 d5 26. cxd5 Bxd5 27. Bxd7 Re7 28. Bb5 Rc7 29. Bd3 a4 30. a3 b5 31. Re1 gxf3 32. gxf3 Rb7 33. Be4 Bxe4 34. Rxe4 b4 35. d5 bxa3 36. bxa3 Rd7 37. Rd4 Ke7 38. Ke3 Kd6 39. Rxa4 Rb7 40. Ra6+ Kxd5 41. Rxf6 Ke5 42. Ra6 Rb3+ 43. Kf2 Kf4 44. Ra4+ Kf5 45. Ra5+ Kf4 46. Ra4+ Kf5 47. Kg3 Rc3 48. Ra5+ Kf6 49. a4 Rc4 50. Ra6+ Kf5 51. a5 Ra4 52. Ra8 1-0

[Event "November 21 Early 2023"]
[Site "https://www.chess.com"]
[Date "2023.11.21"]
[Round "4"]
[White "Shuvalov, Evgenij"]
[Black "Molina, Roberto Junio Brito"]
[Result "0-1"]
[Board "67"]
[TimeControl "180+1"]
[WhiteFideId "4187237"]
[BlackFideId "2109450"]
[WhiteElo "2059"]
[BlackElo "2389"]
[WhiteTeam "FID"]
[BlackTeam "BRA"]
[WhiteClock "0:00:16"]
[BlackClock "0:00:39"]

1. d4 d5 2. c4 c6 3. Nc3 Nf6 4. e3 a6 5. Nf3 Bf5 6. cxd5 cxd5 7. Qb3 Ra7 8. Bd2 e6 9. Nh4 Bg6 10. Nxg6 hxg6 11. Bd3 Bd6 12. h3 Nbd7 13. Ne2 b5 14. Bb4 Bxb4+ 15. Qxb4 Qe7 16. Qa5 Qd8 17. Qb4 Qe7 18. Qa5 O-O 19. Rc1 Rb8 20. Rc6 Qd8 21. Qxd8+ Rxd8 22. Kd2 Kf8 23. Rhc1 Rb8 24. f4 Ke7 25. Ng1 Ne8 26. Nf3 Rbb7 27. g4 Nd6 28. b3 a5 29. Ne5 a4 30. h4 axb3 31. axb3 Nb8 32. R6c2 b4 33. h5 gxh5 34. gxh5 f6 35. Nc6+ Nxc6 36. Rxc6 Kd7 37. R6c5 Ra2+ 38. R1c2 Rxc2+ 39. Bxc2 f5 40. Ke2 Ne8 41. Kf2 Nf6 42. Bd3 Nxh5 43. Bb5+ Ke7 44. Bc6 Rc7 45. Ba4 Rxc5 46. dxc5 Nf6 47. Ke2 Ne4 48. c6 Kd6 49. Kd3 Nc5+ 50. Kd4 Nxa4 51. bxa4 Kxc6 52. Kd3 Kb6 53. Kc2 Ka5 54. Kb3 g6 0-1

[Event "November 21 Early 2023"]
[Site "https://www.chess.com"]
[Date "2023.11.21"]
[Round "4"]
[White "Pendos666"]
[Black "Khater, Sherif"]
[Result "1-0"]
[Board "68"]
[TimeControl "180+1"]
[BlackFideId "2034280"]
[WhiteElo "2806"]
[BlackElo "2555"]
[BlackTeam "USA"]
[WhiteClock "0:01:27"]
[BlackClock "0:00:14"]

1. e4 a6 2. d4 c6 3. Bd3 d5 4. e5 c5 5. dxc5 Nd7 6. f4 Nxc5 7. Be3 Nxd3+ 8. Qxd3 e6 9. Nd2 Ne7 10. Ngf3 Nc6 11. Nb3 Bd7 12. O-O Be7 13. c3 O-O 14. Nfd4 Nxd4 15. Nxd4 Bc5 16. Rf3 Bxd4 17. Bxd4 Rc8 18. Rh3 h6 19. Re1 Bb5 20. Qd2 Kh7 21. Ree3 Qa5 22. b3 Bd7 23. Reg3 Rh8 24. f5 Rcg8 25. f6 g5 26. Rxg5 Qa3 27. Rg7+ Rxg7 28. Qxh6+ 1-0

[Event "November 21 Early 2023"]
[Site "https://www.chess.com"]
[Date "2023.11.21"]
[Round "4"]
[White "Ozates, Tuna"]
[Black "Rychkov, Oleg"]
[Result "0-1"]
[Board "69"]
[TimeControl "180+1"]
[WhiteFideId "6354521"]
[BlackFideId "4122852"]
[WhiteElo "2151"]
[BlackElo "2398"]
[WhiteTeam "TUR"]
[BlackTeam "RUS"]
[WhiteClock "0:00:06"]
[BlackClock "0:00:32"]

1. e4 e5 2. Nc3 Nf6 3. g3 d5 4. exd5 Nxd5 5. Bg2 Nxc3 6. bxc3 Nc6 7. Rb1 Bc5 8. Nf3 O-O 9. O-O Bb6 10. d3 Qf6 11. Ng5 h6 12. Ne4 Qg6 13. c4 Bg4 14. Qd2 f5 15. Nc3 Ba5 16. Rxb7 Nd4 17. Bb2 Bf3 18. Qe3 Bxg2 19. Kxg2 Qc6+ 20. Nd5 Qxb7 21. Rb1 Rae8 22. Qc1 Qc6 23. Ba3 Rf7 24. f3 e4 25. fxe4 fxe4 26. Qe3 Nxc2 27. Qxa7 Nxa3 28. Rb8 exd3 0-1